 Dungeon Crawl Stone Soup version 0.26.1-2-gb8aa6d0cf2 (webtiles) character file.

Game seed: 12203936587364011317

513 Groucho the Covert (level 7, -2/32 HPs)
             Began as a Spriggan Enchanter on Feb 22, 2021.
             Slain by a shadow imp (4 damage)
             ... summoned by Natasha
             ... on level 4 of the Dungeon.
             The game lasted 00:16:13 (8144 turns).

Groucho the Covert (Spriggan Enchanter)             Turns: 8144, Time: 00:16:14

Health: -2/32      AC:  2    Str:  6    XL:     7   Next: 0%
Magic:  6/13       EV: 18    Int: 17    God:
Gold:   187        SH:  0    Dex: 16    Spells: 7/13 levels left

rFire    + . .     SeeInvis +   a - +1 dagger
rCold    . . .     Faith    .   (shield restricted)
rNeg     . . .     Spirit   .   b - +0 robe
rPois    .         Reflect  .   (helmet restricted)
rElec    .         Harm     .   (no cloak)
rCorr    .         Rampage  .   (gloves unavailable)
Will     +....                  (boots unavailable)
Stlth    +++++.....             (no amulet)
HPRegen  0.10/turn              l - ring of protection from fire
MPRegen  0.13/turn              (no ring)

@: very quick
A: very small, unfitting armour, see invisible, speed 3
a: no special abilities


You were on level 4 of the Dungeon.
You visited 1 branch of the dungeon, and saw 4 of its levels.

You collected 187 gold pieces.

Inventory:

Hand Weapons
 a - a +1 dagger (weapon)
Missiles
 n - 13 poisoned darts (quivered)
 t - 5 boomerangs
Armour
 b - a +0 robe (worn)
Jewellery
 l - a ring of protection from fire (left hand)
 p - an uncursed ring of see invisible {unknown}
 s - an uncursed ring of ice {unknown}
 v - the amulet of the City {Acrobat rPois, unknown}
   (You found it on level 4 of the Dungeon)

   [amulet of the acrobat]

   It helps you evade while moving and waiting.
   It protects you from poison.
 y - an uncursed amulet of guardian spirit {unknown}
Wands
 q - a wand of random effects (5)
 w - a wand of enslavement (10)
Scrolls
 c - a scroll of enchant weapon {unknown}
 d - 4 scrolls of identify
 g - a scroll of fear {unknown}
 j - 5 scrolls of teleportation {unknown}
 m - 2 scrolls of noise {unknown}
 r - a scroll of remove curse {unknown}
 x - 2 scrolls of enchant armour {unknown}
Potions
 e - 5 potions of curing
 f - 2 potions of lignification
 h - a potion of attraction {unknown}
 i - a potion of heal wounds {unknown}
 k - a potion of brilliance {unknown}
 o - a potion of haste
 u - 3 potions of might {unknown}
 z - a potion of ambrosia {unknown}


   Skills:
 - Level 1.1 Short Blades
 - Level 3.0 Dodging
 * Level 11.1 Stealth
 + Level 3.8 Spellcasting
 + Level 4.4 Hexes


You had 7 spell levels left.
You knew the following spells:

 Your Spells              Type           Power        Failure   Level
a - Corona                Hex            20%          2%          1
b - Ensorcelled Hibernat  Hex/Ice        20%          10%         2
c - Confusing Touch       Hex            18%          8%          3

Your spell library contained the following spells:

 Spells                   Type           Power        Failure   Level
 Tukima's Dance           Hex            18%          8%          3
 Dazzling Flash           Conj/Hex       20%          19%         3


Dungeon Overview and Level Annotations

Branches:
Dungeon (4/15)
 Temple: D:4-7

Altars:
Trog

Annotations:
D:4 Natasha


Innate Abilities, Weirdness & Mutations

You are very small and have problems with some larger weapons.
You are too small for most types of armour.
You have supernaturally acute eyesight. (SInv)
You cover ground extremely quickly.


Message History

You hit Natasha but do no damage.
Natasha appears confused.
The shadow imp hits you.
* * * LOW HITPOINT WARNING * * *
The shadow imp closely misses you.
You hit Natasha but do no damage. Natasha misses you.
The shadow imp closely misses you.
You barely miss Natasha.
Natasha barely misses the shadow imp.
The shadow imp misses you.
You hit Natasha.
Natasha is lightly wounded.
Natasha completely misses you. The shadow imp closely misses you.
You barely miss Natasha.
Natasha is lightly wounded.
Natasha claws you!
* * * LOW HITPOINT WARNING * * *
The shadow imp completely misses you.
You hit Natasha.
Natasha is moderately wounded.
The shadow imp hits you.
You die...

#............# ...
###.######..[# .. #.#
#...# .. #.# #...#
.### #.# #...# ..#
#.# #...##
#h###.######...##
#.###.#............##
#...@5..............#
#####..........)#.###
###.##.######....
#....# ##### ######


You could see Natasha (confused) and a shadow imp (summoned).

Vanquished Creatures
  A scorpion (D:4)
  2 howler monkeys
  A centaur zombie (D:4)
  Natasha (twice) (D:4)
  A bullfrog skeleton (D:2)
  2 orc wizards (D:4)
  3 worker ants (D:4)
  7 adders
  An ooze (D:4)
  2 dart slugs
  3 leopard geckos
  8 orcs
  10 bats
  5 giant cockroaches
  5 goblins
  7 hobgoblins
  8 kobolds
  2 quokkas (D:4)
  3 ball pythons
  5 frilled lizards
  9 rats
87 creatures vanquished.

Notes
Turn   | Place    | Note
-------+----------+-------------------------------------------
     0 | D:1      | Groucho the Spriggan Enchanter began the quest for the Orb.
     0 | D:1      | Reached XP level 1. HP: 9/9 MP: 5/5
   223 | D:1      | Reached skill level 5 in Stealth
   379 | D:1      | Reached XP level 2. HP: 7/13 MP: 6/6
  1113 | D:1      | Reached skill level 6 in Stealth
  1296 | D:2      | Reached XP level 3. HP: 16/16 MP: 8/8
  1493 | D:1      | Learned a level 2 spell: Ensorcelled Hibernation
  1497 | D:1      | Learned a level 3 spell: Confusing Touch
  2642 | D:2      | Reached skill level 7 in Stealth
  3025 | D:2      | Reached XP level 4. HP: 21/21 MP: 9/9
  3027 | D:2      | Reached skill level 8 in Stealth
  3836 | D:3      | Reached XP level 5. HP: 24/24 MP: 5/10
  4299 | D:3      | Reached skill level 9 in Stealth
  4883 | D:3      | Found a bloodstained altar of Trog.
  6082 | D:4      | Reached skill level 10 in Stealth
  6712 | D:4      | Noticed Natasha
  6715 | D:4      | Killed Natasha
  6716 | D:4      | Reached XP level 6. HP: 28/28 MP: 11/11
  6773 | D:4      | Got a transparent pewter amulet
  6876 | D:4      | Noticed Natasha
  6882 | D:4      | Killed Natasha
  7555 | D:4      | Reached skill level 11 in Stealth
  8075 | D:4      | Reached XP level 7. HP: 32/32 MP: 8/13
  8126 | D:4      | Noticed Natasha
  8144 | D:4      | Slain by a shadow imp

Illustrated notes

Levels and vault maps discovered:
D:1:      elethiomel_arrival_shortcut, layout_basic
D:2:      layout_basic
D:3:      layout_basic, general_overflow_altar, roderic_serpentine_path
D:4:      minmay_bubble_buster, layout_basic, nicolae_overflow_hidden_temple,
          uniq_natasha

Skill      XL: |  1  2  3  4  5  6 |
---------------+-------------------+-----
Stealth        | 5 6 7 8 10 11 | 11.1
Spellcasting   | 3 |  3.8
Hexes          | 4 |  4.4
Short Blades   | |  1.1
Dodging        | |  3.0

Action                   |  1- 3 |  4- 6 |  7- 9 || total
-------------------------+-------+-------+-------++-------
Melee: Dagger            |   169 |   157 |    11 ||   337
Throw: Dart              |       |    14 |       ||    14
 Cast: Ensorcelled Hiber |     7 |    28 |     3 ||    38
       Confusing Touch   |     2 |     5 |     1 ||     8
  Use: Scroll            |     1 |     1 |       ||     2
       Potion            |       |     1 |       ||     1
 Stab: Sleeping          |    18 |    30 |       ||    48
       Confused          |     1 |     4 |       ||     5
Armor: Robe              |    30 |    10 |     1 ||    41
Dodge: Dodged            |   179 |    99 |    11 ||   289
